Zazza, neutral female human Tourist --------------- |>............| +.............| |.............| |.............| ------|-------- @ G # ### # ## ------.--- |.....<..| |........| |......... ---------- Zazza the Rambler Experience level: 1 Strength: 15 Dexterity: 11 Constitution: 12 Intelligence: 14 Wisdom: 6 Charisma: 18 Health: 0(10) Energy: 2(2) Def: 1 Gold: 1225 Moves: 2072 Dungeon seed: _UMriPGwUMYiw6-_ Game ID: Zazza_1598467938 Your Inventory: Coins $ - 1225 gold pieces Weapons a - 38 +2 darts (in quiver) p - a +0 elven dagger (weapon in hand) t - 3 +0 orcish daggers Armor e - an uncursed +0 Hawaiian shirt (being worn) z - an uncursed +0 elven cloak (being worn) Comestibles b - 2 uncursed tripe rations c - an uncursed egg d - 7 uncursed food rations f - an uncursed food ration g - an uncursed pear v - 2 uncursed carrots O - an uncursed tripe ration X - an uncursed egg Scrolls j - an uncursed scroll of magic mapping H - an uncursed scroll of create monster I - a blessed scroll of identify L - an uncursed scroll of identify Z - a blessed scroll of teleportation Spellbooks n - an uncursed spellbook of detect monsters o - an uncursed spellbook of cause fear Potions i - 2 uncursed potions of extra healing s - an uncursed potion of gain energy G - an uncursed potion of see invisible J - an uncursed potion of see invisible K - a cursed potion of see invisible U - an uncursed potion of booze Wands u - a wand of light (0:11) F - a wand of light (0:14) Tools k - an expensive camera (0:75) l - an uncursed credit card m - an uncursed towel R - an uncursed blindfold Gems q - an uncursed worthless piece of yellowish brown glass Spells and supernatural/magical abilities: Name Level Category Fail Memory c - cause fear 3 enchantment 100% 91% n - detect monsters 1 divination 13% 90% W - pray for help -- divine ? -- Your skills at the end: Fighting Skills Weapon Skills dart [Basic] Spellcasting Skills Final Attributes: You were nominally aligned. You were stealthy. You are dead. Vanquished creatures: 2 shriekers 2 acid blobs 2 hobbits a large kobold a giant rat a yellow mold a gnome zombie a gecko 7 jackals 2 foxes 3 kobolds 4 goblins a sewer rat 6 grid bugs 3 newts 37 creatures vanquished. Voluntary challenges: You used a wielded weapon 20 times, starting on turn 775. You read items or engraved 13 times, starting on turn 6. You never genocided any monsters. You never polymorphed an object. You never changed form. You used no wishes. You never split a pudding. You never wrote Elbereth's name. You never violated your personal moral code. Dungeon overview: The Dungeons of Doom: levels 1 to 5 Level 1 a long staircase Level 2 Level 3 a long staircase Level 4 a general store Level 5 <- You were here History has recorded: On T:1 you entered the Dungeons of Doom to retrieve the Amulet of Yendor! On T:348 you reached level 2 of The Dungeons of Doom. On T:625 you reached level 3 of The Dungeons of Doom. On T:1148 you reached level 4 of The Dungeons of Doom. On T:2048 you reached level 5 of The Dungeons of Doom. Score breakdown: Gold: 328 ( 8562 points) Experience: 1 level ( 0 points) Exploration: 5 levels ( 10.64%) ( 8846 points) Discoveries: 6 items ( 2.01%) ( 4256 points) Valuables value: (no points given unless you survive) Artifact value: 0 ( 0 points) Variety of kills: 15 monsters ( 3.94%) ( 5952 points) Turncount: 2072 turns ( -53 points) Survival: died (score multiplied by 80%) Total score: 22050 Latest messages: You feel slightly confused. You can't seem to think straight. You feel incredibly sick. You suddenly vomit! You feel weak. You're done throwing up. This cram ration is bland. You feel a bit steadier now. You stop eating. You resume your meal. You finish eating the cram ration. You feel less confused now. You displace Armand. You hear some noises in the distance. Armand bites! Armand devours a tripe ration. The gnome king hits! You hit the gnome king. The gnome king hits! You die... Final status: Aloha Zazza the Tourist, killed by a gnome king... You died in The Dungeons of Doom on dungeon level 5 with 22050 points, and 1225 pieces of gold, after 2072 moves. You were level 1 with a maximum of 10 hit points when you died.